 Dungeon Crawl Stone Soup version 0.28-a0-1202-g1e6f1b2279 (webtiles) character file.

Game seed: 12792185464919944592

130 Grim the Vexing (level 5, -32/29 HPs)
             Began as a Kobold Arcane Marksman on Dec 20, 2021.
             Was an Initiate of Okawaru.
             Killed by an exploding adder (34 damage)
             ... ignited by their inner flame
             ... on level 4 of the Dungeon.
             The game lasted 00:06:42 (3582 turns).

Grim the Vexing (Kobold Arcane Marksman)            Turns: 3582, Time: 00:06:43

Health: -32/29     AC:  3    Str:  8    XL:     5   Next: 36%
Magic:  3/6        EV: 15    Int: 16    God:    Okawaru [......]
Gold:   112        SH:  0    Dex: 15    Spells: 2/6 levels left

rFire   . . .      SeeInvis .   b - +0 short sword
rCold   . . .      Faith    .   (shield restricted)
rNeg    . . .      Spirit   .   d - +0 robe
rPois   .          Reflect  .   (no helmet)
rElec   .          Harm     .   (no cloak)
rCorr   .          Rampage  .   f - +0 pair of gloves
Will    .....                   (no boots)
Stlth   ++........              (no amulet)
HPRegen 0.09/turn               (no ring)
MPRegen 0.10/turn               (no ring)

@: no status effects
A: small, no large weapons, nightstalker 3
a: Renounce Religion


You were on level 4 of the Dungeon.
You worshipped Okawaru.
Okawaru was noncommittal.
You visited 2 branches of the dungeon, and saw 5 of its levels.

You collected 112 gold pieces.

Inventory:

Hand Weapons
 a - a +0 hand crossbow
 b - a +0 short sword (weapon)
Missiles
 c - 27 bolts
Armour
 d - a +0 robe (worn)
 f - a +0 pair of gloves (worn)
Scrolls
 e - a scroll of identify {unknown}
 g - a scroll of fear {unknown}
 i - a scroll of teleportation {unknown}
 j - a scroll of brand weapon {unknown}
 k - a scroll of noise {unknown}
 l - a scroll of torment {unknown}
 m - a scroll of enchant weapon {unknown}
 n - a scroll of acquirement {unknown}
 o - a scroll of enchant armour {unknown}
Potions
 h - 2 potions of flight {unknown}


   Skills:
 - Level 1.1 Fighting
 + Level 2.2 Short Blades
 - Level 4.0 Crossbows
 - Level 2.4 Dodging
 - Level 1.1 Spellcasting
 + Level 4.4 Hexes
 - Level 0.2 Fire Magic


You had 2 spell levels left.
You knew the following spells:

 Your Spells              Type           Power      Damage    Failure   Level
a - Slow                  Hex            60%        N/A       3%          1
b - Inner Flame           Hex/Fire       8%         N/A       26%         3

Your spell library contained the following spells:

 Spells                   Type           Power      Damage    Failure   Level
 Portal Projectile        Hex/Tloc       16%        N/A       26%         3
 Cause Fear               Hex            7%         N/A       34%         4
 Gell's Gravitas          Tloc           0%         N/A       56%         3
 Teleport Other           Tloc           0%         N/A       56%         3
 Dispersal                Tloc           0%         N/A       100%        6


Dungeon Overview and Level Annotations

Branches:
Dungeon (4/15)             Temple (1/1) D:4

Altars:
Dithmenos
Elyvilon
Nemelex Xobeh
Okawaru
Trog
Uskayaw
Vehumet
Xom
Zin

Shops:
D:1 =!


Innate Abilities, Weirdness & Mutations

You are small and have problems with some larger weapons.
You are completely attuned to the shadows.


Message History

The adder poisons you!
You barely miss the adder.
The adder is moderately wounded.
You feel sick. The adder bites you but does no damage.
Unknown command.
You barely miss the adder.
The adder is moderately wounded.
You feel sick. The adder bites you.
* * * LOW HITPOINT WARNING * * *
Unknown command.
You barely miss the adder.
The adder is moderately wounded.
You feel sick. The adder closely misses you. The adder bites you.
* * * LOW HITPOINT WARNING * * *
Unknown command.
You closely miss the adder.
The adder is moderately wounded.
You feel sick. The adder closely misses you.
Unknown command.
You closely miss the adder.
The adder is moderately wounded.
You feel sick. The adder bites you.
* * * LOW HITPOINT WARNING * * *
Unknown command.
You hit the adder but do no damage.
The adder is moderately wounded.
You feel sick.
You are no longer poisoned.
The adder barely misses you. The adder closely misses you.
You barely miss the adder.
The adder is moderately wounded.
The adder barely misses you.
You hit the adder.
Flame seeps out of the adder.
The adder is severely wounded.
The adder is engulfed in blazing flames.
Okawaru accepts your kill.
The adder explodes!
The fiery explosion engulfs you!!
Ouch! That really hurt!
You die...

..#..###[
.......###
......#
.........####.
.#......
.....#......
##.......
#...##......
.#.......
.....#......
......#
.......#.##.
..#.
......##.# .##
.....## . ..
.###@.#
#○§....
.(§...#.
.......#
(......#


There were no monsters in sight!

Vanquished Creatures
  A hound (D:4)
  2 adders
  3 worms
  2 dart slugs
  4 orcs (D:3)
  10 bats
  6 endoplasms
  3 giant cockroaches
  7 goblins
  3 hobgoblins
  5 jackals
  6 kobolds
  2 quokkas (D:1)
  6 ball pythons
  3 frilled lizards
  7 rats
70 creatures vanquished.

Notes
Turn   | Place    | Note
-------+----------+-------------------------------------------
     0 | D:1      | Grim the Kobold Arcane Marksman began the quest for the
                  | Orb.
     0 | D:1      | Reached XP level 1. HP: 12/12 MP: 2/2
   140 | D:1      | Reached XP level 2. HP: 16/16 MP: 3/3
   365 | D:1      | Found a faded altar of an unknown god.
   368 | D:1      | Reached XP level 3. HP: 20/20 MP: 4/4
   391 | D:1      | Found Sanokkem's Jewellery Shop.
   745 | D:1      | Found Mucer's Distillery.
  1288 | D:2      | Reached XP level 4. HP: 25/25 MP: 3/5
  1497 | D:2      | Found a hide-covered altar of Uskayaw.
  1518 | D:2      | Learned a level 3 spell: Inner Flame
  2687 | D:3      | Reached skill level 1 in Short Blades
  3024 | D:4      | Found a staircase to the Ecumenical Temple.
  3031 | D:4      | Reached XP level 5. HP: 29/29 MP: 4/6
  3038 | Temple   | Entered the Ecumenical Temple
  3125 | Temple   | Became a worshipper of Warmaster Okawaru
  3517 | D:4      | Noticed a black bear
  3582 | D:4      | Killed by an exploding adder... ignited by their inner
                  | flame

Illustrated notes

Levels and vault maps discovered:
D:1:      beargit_arrival_diablo_church, layout_basic, serial_shops,
          nicolae_shop_hallway_plus, shop,
          shapermc_ecumenical_altar_starsandcircs, minivault_19
D:2:      layout_basic, basic_altar
D:3:      layout_loops_ring
D:4:      nicolae_cairo_tiling_large_dashed, layout_gridville,
          minmay_misc_feat_hallway
Temple:   mainiacjoe_temple_archimedes_tessellation

Skill      XL: |  1  2  3  4  5 |
---------------+----------------+-----
Crossbows      | 3 4 |  4.0
Hexes          | 4 |  4.4
Short Blades   | 1 2 |  2.2
Fighting       | |  1.1
Dodging        | |  2.4
Spellcasting   | |  1.1
Fire Magic     | |  0.2

Action                   |  1- 3 |  4- 6 || total
-------------------------+-------+-------++-------
Melee: Short sword       |     2 |    75 ||    77
 Fire: Hand crossbow     |    64 |    78 ||   142
 Cast: Slow              |     4 |    10 ||    14
       Inner Flame       |       |     1 ||     1
Armor: Robe              |     8 |    14 ||    22
Dodge: Dodged            |    13 |    80 ||    93

Table legend: (Time is in decaauts)
 A = Elapsed time spent in this place.
 B = Non-inter-level travel time spent in this place.
 C = Inter-level travel time spent in this place.
 D = Time resting spent in this place.
 E = Time spent auto-exploring this place.
 F = Levels seen in this place.
 G = Mean time per level.
                   A        B        C        D        E       F      G
               +--------+--------+--------+--------+--------+-----+--------+
         Total |   3622 |   3511 |    111 |    674 |   2294 |   5 |  724.4 |
       Dungeon |   3494 |   3423 |     71 |    674 |   2220 |   4 |  873.5 |
        Temple |    127 |     87 |     40 |      0 |     74 |   1 |  127.0 |
               +--------+--------+--------+--------+--------+-----+--------+

Top non-repeatable levels by time:
     D:1: 1237 daAuts
     D:3: 976 daAuts
     D:2: 841 daAuts
     D:4: 439 daAuts
  Temple: 127 daAuts
